 Dungeon Crawl Stone Soup version 0.23-a0-151-gf6d1ed2 (webtiles) character file.

6 Amnesiac the Chiller (level 1, -1/13 HPs)
             Began as a Mummy Ice Elementalist on Sept 8, 2018.
             Slain by an adder (2 damage)
             ... on level 3 of the Dungeon.
             The game lasted 00:01:11 (641 turns).

Amnesiac the Chiller (Mummy Ice Elementalist)        Turns: 641, Time: 00:01:12

Health: -1/13      AC:  2    Str: 11    XL:     1   Next: 75%
Magic:  0/4        EV: 12    Int: 14    God:
Gold:   0          SH:  0    Dex: 12    Spells: 4/5 levels left

rFire    x . .     SeeInvis .   d - +0 whip
rCold    + . .     Gourm    .   (no shield)
rNeg     + + +     Faith    .   a - +0 robe
rPois    ∞         Spirit   .   (no helmet)
rElec    .         Reflect  .   (no cloak)
rCorr    .         Harm     .   (no gloves)
MR       .....                  (no boots)
Stlth    ++........             (no amulet)
HPRegen  0.04/turn              (no ring)
MPRegen  0.09/turn              (no ring)

@: very slightly contaminated
A: no food or potions, fire vulnerability, cold resistance 1, negative energy
resistance 3, torment resistance, unbreathing
a: no special abilities


You were on level 3 of the Dungeon.
You were not hungry.

You visited 1 branch of the dungeon, and saw 3 of its levels.

Inventory:

Hand Weapons
 d - a +0 whip (weapon)
Armour
 a - a +0 robe (worn)
 f - a cursed +0 pair of boots
Scrolls
 b - a scroll of noise {!r, unknown}
 c - a scroll of remove curse {!r, unknown}
 e - a scroll of blinking {!r, unknown}
 g - a scroll of magic mapping {!r, unknown}
 h - a scroll of enchant armour {!r, unknown}


   Skills:
 - Level 1.5 Dodging
 - Level 1.5 Stealth
 + Level 2.7 Spellcasting
   Level 0.7 Conjurations
 * Level 2.8 Ice Magic


You had 4 spell levels left.
You knew the following spells:

 Your Spells              Type           Power        Failure   Level  Hunger
a - Freeze                Ice            #...         7%          1    N/A

Your spell library contained the following spells:

 Spells                   Type           Power        Failure   Level  Hunger
 Throw Frost              Conj/Ice       #.....       16%         2    N/A
 Ozocubu's Armour         Chrm/Ice       #.......     36%         3    N/A
 Throw Icicle             Conj/Ice       #.......     71%         4    N/A
 Summon Ice Beast         Ice/Summ       #.......     77%         4    N/A

Dungeon Overview and Level Annotations

Branches:
Dungeon (3/15)

Altars:
Dithmenos
Fedhas
Makhleb
Okawaru
Qazlal
Trog
Wu Jian


Innate Abilities, Weirdness & Mutations

You do not eat or drink.
Your flesh is vulnerable to fire.
You are immune to poison.
Your flesh is cold resistant. (rC+)
You are immune to negative energy. (rN+++)
You are immune to unholy pain and torment.
You can survive without breathing.


Message History

You freeze the giant cockroach.
You kill the giant cockroach!
Casting: Freeze (safe; 7% risk of failure)
Confirm with . or Enter, or press ? or * to list all spells.
You can't see any susceptible monsters within range! (Use Z to cast anyway.) HP restored.
Your magical contamination has completely faded away.
You see here a leather armour.
There is a stone staircase leading down here.
Found a burning altar of Makhleb.
h - a scroll labeled FOACKUSTR VEYRE {!r}
Found an ornate altar of the Wu Jian Council and a blossoming altar of Fedhas.
Found four altars.
There is a stone staircase leading down here.
You climb downwards.
There is a stone staircase leading up here.
You see here a rat corpse.
Casting: Freeze (safe; 7% risk of failure)
Confirm with . or Enter, or press ? or * to list all spells.
Aiming: Freeze (safe; 7% risk of failure)
Press: ? - help, Shift-Dir - straight line, f - adder
Aim: an adder You freeze the adder.
The adder seems to slow down.
The adder is moderately wounded.
The adder bites you.
Casting: Freeze (safe; 7% risk of failure)
Confirm with . or Enter, or press ? or * to list all spells.
Aiming: Freeze (safe; 7% risk of failure)
Press: ? - help, Shift-Dir - straight line, f/p - adder
Aim: an adder (moderately wounded, slow)
You freeze the adder.
The adder is severely wounded.
The adder barely misses you.
Casting: Freeze (safe; 7% risk of failure)
Confirm with . or Enter, or press ? or * to list all spells.
Aiming: Freeze (safe; 7% risk of failure)
Press: ? - help, Shift-Dir - straight line, f/p - adder
Aim: an adder (severely wounded, slow)
You miscast Freeze.
You are very lightly contaminated with residual magic.
Your hands feel numb with cold.
Casting: Freeze (safe; 7% risk of failure)
Confirm with . or Enter, or press ? or * to list all spells.
Aiming: Freeze (safe; 7% risk of failure)
Press: ? - help, Shift-Dir - straight line, f/p - adder
Aim: an adder (severely wounded, slow)
You freeze the adder.
The adder seems to slow down.
The adder is almost dead.
The adder bites you.
Casting: Freeze (safe; 7% risk of failure)
Confirm with . or Enter, or press ? or * to list all spells.
You don't have enough magic to cast that spell.
You closely miss the adder.
The adder is almost dead.
The adder bites you.
* * * LOW HITPOINT WARNING * * *
You closely miss the adder.
The adder is almost dead.
The adder bites you.
* * * LOW HITPOINT WARNING * * *
You closely miss the adder.
The adder is almost dead.
The adder bites you.
You die...

#.....!...... .#
.#.#.......##.#.# .. #
..........<....#
..#.#.#...#....#.#.#
## .#.#.#...#.>..#.#.
.....................
###.#.#.#.†...........
......#.#..S#....#.#.#
#.........@.......!...
#.##.#<...............
.................#.#..
##.##............#.#
#.#.#..#.....# #
#.#............
###.............
#........#.#.#
......%.....#.#..


You could see an adder.

Vanquished Creatures
  A giant cockroach (D:2)
  3 kobolds
  A frilled lizard (D:1)
  2 rats
7 creatures vanquished.

Notes
Turn   | Place    | Note
-------+----------+-------------------------------------------
     0 | D:1      | Amnesiac the Mummy Ice Elementalist began the quest for the
                  | Orb.
     0 | D:1      | Reached XP level 1. HP: 13/13 MP: 4/4
   609 | D:2      | Found a burning altar of Makhleb.
   617 | D:2      | Found an ornate altar of the Wu Jian Council.
   617 | D:2      | Found a blossoming altar of Fedhas.
   618 | D:2      | Found a stormy altar of Qazlal.
   618 | D:2      | Found a shadowy altar of Dithmenos.
   618 | D:2      | Found a bloodstained altar of Trog.
   618 | D:2      | Found an iron altar of Okawaru.
   641 | D:3      | Slain by an adder

Vault maps used:
D:1:      dpeg_arrival_ternary
D:2:      grunt_temple_overflow_open, minitemple, trog_butcher_becter
D:3:      gammafunk_wand_slinger, xom_redecorated, ebering_ghost_sewer_f,
          uniq_robin, uniq_terence

Action                   || total
-------------------------++-------
Melee: Unarmed           ||     7
       Whip              ||     4
 Cast: Freeze            ||    16
Armor: Robe              ||     3
Dodge: Dodged            ||    13

Table legend:
 A = Non-vault XP
 B = Vault XP
 C = Vault XP percentage of total XP
 D = Non-vault monster count
 E = Vault monster count
 F = Vault count percentage of total count
                 A         B        C        D         E       F
            +---------+---------+-------+---------+---------+-------
      Total |       9 |       0 |   0.0 |       7 |       0 |   0.0
            +---------+---------+-------+---------+---------+-------
        D:1 |       3 |       0 |   0.0 |       2 |       0 |   0.0
        D:2 |       5 |       0 |   0.0 |       4 |       0 |   0.0
        D:3 |       1 |       0 |   0.0 |       1 |       0 |   0.0
            +---------+---------+-------+---------+---------+-------
